 Dungeon Crawl Stone Soup version 0.22-a0-147-gfdd7f25 (webtiles) character file.

95 Lapis the Sneak (level 4, -2/30 HPs)
             Began as an Octopode Assassin on Feb 6, 2018.
             Slain by a two-headed ogre
             ... wielding a +0 giant club
              (15 damage)
             ... on level 3 of the Dungeon.
             The game lasted 00:04:07 (2688 turns).

Lapis the Sneak (Octopode Assassin)                 Turns: 2688, Time: 00:04:08

Health: -2/30      AC:  1    Str: 10    XL:     4   Next: 66%
Magic:  4/4        EV: 13    Int: 13    God:
Gold:   99         SH:  0    Dex: 14    Spells: 3/3 levels left

rFire    . . .     SeeInvis .   a - +2 dagger
rCold    . . .     Gourm    .   (no shield)
rNeg     . . .     Faith    .   (helmet restricted)
rPois    .         Spirit   .   (no amulet)
rElec    .         Reflect  .   j - ring of flight
rCorr    .         Harm     .   (no ring)
MR       .....                  (no ring)
Stlth    ++++......             (no ring)
HPRegen  0.10/turn              (no ring)
MPRegen  0.09/turn              (no ring)
                                (no ring)
                                (no ring)

@: no status effects
A: almost no armour, stealthy swim, amphibious, 8 rings, constrict 8, camouflage
1, gelatinous body 1
a: Evoke Flight


You were on level 3 of the Dungeon.
You were not hungry.

You visited 1 branch of the dungeon, and saw 3 of its levels.

You collected 99 gold pieces.

Inventory:

Hand Weapons
 a - a +2 dagger (weapon)
 b - a +0 blowgun
Missiles
 c - 36 poisoned needles
 d - 2 curare-tipped needles
Jewellery
 j - a ring of flight (left tentacle)
Scrolls
 h - a scroll of magic mapping {unknown}
 l - a scroll of random uselessness {unknown}
Potions
 e - a potion of haste {unknown}
 g - a potion of agility {unknown}
 k - a potion of curing {unknown}
Comestibles
 f - 4 rations
 i - 8 chunks of flesh


   Skills:
 * Level 2.4 Fighting
 * Level 2.7 Short Blades
 - Level 2.0 Throwing
 * Level 1.8 Dodging
 * Level 7.0 Stealth


You had 3 spell levels left.
You didn't know any spells.

Dungeon Overview and Level Annotations

Branches:
Dungeon (3/15)

Altars:

Annotations:
D:2 Sigmund


Innate Abilities, Weirdness & Mutations

You cannot wear most types of armour.
You are very stealthy in the water. (Stealth+)
You are amphibious.
You can wear up to eight rings at the same time.
You can use your tentacles to constrict eight enemies at once.
Your skin changes colour to match your surroundings (Stealth+).
Your rubbery body absorbs attacks. (AC +1, EV +1)


Message History

No target in view!
No target in view!
No target in view!
No target in view!
No target in view!
No target in view!
No target in view!
You see here a frilled lizard corpse.
Found 10 arrows.
A two-headed ogre comes into view.
It is wielding a giant club and a giant spiked club.
Found a long sword.
The two-headed ogre shouts in stereo!
You hear a shout! x3
A giant cockroach comes into view.
You hit the two-headed ogre. You squeeze the two-headed ogre.
The two-headed ogre is lightly wounded.
The two-headed ogre hits you with a giant club!
Ouch! That really hurt!
The two-headed ogre hits you with a giant spiked club!
Ouch! That really hurt!
You die...

#) #### . #.# #... .. #.#
#... ... #.#### #...
..##.#.s #... ...#O# #...
#.#@# #... ## #...# #...
#(. #.### ##..
#..###.#################.
#......#.............# #.
#.....##.###########.# #.
#####.##.# #.#### #.##.#
#..... #.##.# ######


You could see a two-headed ogre and a giant cockroach.

Vanquished Creatures
  4 adders
  A worm (D:2)
  A dart slug (D:2)
  3 leopard geckos
  2 bats
  2 giant cockroaches (D:2)
  5 hobgoblins
  5 jackals
  5 frilled lizards
  13 goblins
  7 kobolds
  2 rats
50 creatures vanquished.

Notes
Turn   | Place    | Note
-------+----------+-------------------------------------------
     0 | D:1      | Lapis the Octopode Assassin began the quest for the Orb.
     0 | D:1      | Reached XP level 1. HP: 14/14 MP: 1/1
   255 | D:1      | Reached XP level 2. HP: 19/19 MP: 2/2
   872 | D:1      | Reached skill level 6 in Stealth
  1120 | D:2      | Reached XP level 3. HP: 13/24 MP: 3/3
  1483 | D:2      | Noticed Sigmund
  2255 | D:2      | Reached XP level 4. HP: 29/29 MP: 4/4
  2649 | D:3      | Reached skill level 7 in Stealth
  2686 | D:3      | Noticed a two-headed ogre
  2688 | D:3      | Slain by a two-headed ogre

Vault maps used:
D:1:      tarquinn_simple_flora_water_b
D:2:      cheibrodos_greedy_goblins, uniq_sigmund
D:3:      minmay_roachtagon, first_ration

Skill      XL: |  1  2  3  4 |
---------------+-------------+-----
Stealth        | 6 7 |  7.0
Fighting       | |  2.4
Short Blades   | |  2.7
Throwing       | |  2.0
Dodging        | |  1.8

Action                   |  1- 3 |  4- 6 || total
-------------------------+-------+-------++-------
Melee: Dagger            |    71 |    42 ||   113
       Constrict         |    19 |     8 ||    27
       Tentacles         |     9 |     1 ||    10
 Stab: Sleeping          |     8 |     4 ||    12
  Eat: Chunk             |     4 |     1 ||     5
Armor: Skin              |     6 |     3 ||     9
Dodge: Dodged            |    29 |    37 ||    66

Table legend:
 A = Spawn XP
 B = Non-spawn XP
 C = Spawn XP percentage of total XP
 D = Spawn monster count
 E = Non-spawn monster count
 F = Spawn count percentage of total count
 G = Total turns spent on level
                    A         B        C        D         E        F      G
               +---------+---------+-------+---------+---------+-------+---------
         Total |       0 |     137 |   0.0 |       0 |      50 |   0.0 |  2688
               +---------+---------+-------+---------+---------+-------+---------
           D:1 |       0 |      25 |   0.0 |       0 |      16 |   0.0 |  1678
           D:2 |       0 |      96 |   0.0 |       0 |      31 |   0.0 |   930
           D:3 |       0 |      16 |   0.0 |       0 |       3 |   0.0 |    80
               +---------+---------+-------+---------+---------+-------+---------
